 Dungeon Crawl Stone Soup version 0.25.0-1-g7eea58d (webtiles) character file.

Game seed: 5851318164223873667

7835 Jonnyslop the Cleaver (level 11, -4/99 HPs)
             Began as a Hill Orc Fighter on June 23, 2020.
             Was a Believer of Qazlal.
             Slain by a troll (6 damage)
             ... on level 9 of the Dungeon on June 25, 2020.
             The game lasted 00:24:57 (9702 turns).

Jonnyslop the Cleaver (Hill Orc Fighter)            Turns: 9702, Time: 00:24:58

Health: -4/99      AC: 17    Str: 23    XL:     11   Next: 21%
Magic:  14/14      EV: 11    Int: 14    God:    Qazlal [**....]
Gold:   528        SH:  3    Dex: 10    Spells: 10/10 levels left

rFire    . . .     SeeInvis .   B - +0 battleaxe
rCold    . . .     Gourm    .   (shield currently unavailable)
rNeg     . . .     Faith    .   C - +0 plate armour
rPois    .         Spirit   .   p - +0 helmet
rElec    .         Reflect  .   A - +1 cloak {MR+}
rCorr    .         Harm     .   (no gloves)
MR       +....                  (no boots)
Stlth    ..........             x - amulet of the acrobat
HPRegen  0.26/turn              e - +4 ring of evasion
MPRegen  0.14/turn              k - +6 ring of intelligence

@: about to teleport
A: no striking features
a: Upheaval, Renounce Religion


You were on level 9 of the Dungeon.
You worshipped Qazlal.
Qazlal was pleased with you.
You were not hungry.

You visited 2 branches of the dungeon, and saw 11 of its levels.

You collected 528 gold pieces.

Inventory:

Hand Weapons
 a - a +1 war axe
 B - a +0 battleaxe (weapon)
Missiles
 g - 7 javelins
 v - 50 poisoned darts (quivered)
Armour
 c - a +1 kite shield
 p - a +0 helmet (worn)
 A - a +1 cloak of magic resistance (worn)
 C - a +0 plate armour (worn)
Jewellery
 e - a +4 ring of evasion (left hand)
 i - an uncursed ring of see invisible
 k - a +6 ring of intelligence (right hand)
 x - an amulet of the acrobat (around neck)
 E - a +6 ring of intelligence
Wands
 h - a wand of iceblast (7)
 q - a wand of digging (8)
Scrolls
 o - a scroll of teleportation
 s - 2 scrolls of remove curse {unknown}
 u - 5 scrolls of identify
 w - a scroll of silence
 y - a scroll of amnesia
Potions
 b - 2 potions of curing
 d - 3 potions of stabbing
 j - a potion of might
 l - a potion of ambrosia {unknown}
 m - a potion of cancellation {unknown}
 n - 3 potions of brilliance {unknown}
 r - 3 potions of flight {unknown}
 t - a potion of magic {unknown}
 z - a potion of berserk rage {unknown}
Comestibles
 f - 10 rations
 D - 11 chunks of flesh


   Skills:
 + Level 10.1 Fighting
 * Level 14.8 Axes
 - Level 4.0 Throwing
 + Level 8.8 Armour
 - Level 3.2 Shields
 + Level 4.4 Invocations


You had 10 spell levels left.
You didn't know any spells.
Your spell library contained the following spells:

 Spells                   Type           Power        Failure   Level  Hunger
 Animate Skeleton         Necr           N/A          98%         1    ##.....
 Apportation              Tloc           #.....       98%         1    ##.....
 Corona                   Hex            #......      98%         1    ##.....
 Summon Small Mammal      Summ           #...         98%         1    ##.....
 Blink                    Tloc           N/A          99%         2    ###....
 Shroud of Golubria       Chrm/Tloc      #.....       99%         2    ###....
 Gell's Gravitas          Tloc           #.........   100%        3    ####...
 Lesser Beckoning         Tloc           #.........   100%        3    ####...
 Teleport Other           Tloc           #.......     100%        3    ####...
 Passage of Golubria      Tloc           N/A          100%        4    #####..


Dungeon Overview and Level Annotations

Branches:
Dungeon (10/15)            Temple (1/1) D:6            Lair (0/6) D:8
    Orc (0/2) D:9

Altars:
Ashenzari
Cheibriados
Dithmenos
Elyvilon
Fedhas
Gozag
Hepliaklqana
Kikubaaqudgha
Makhleb
Nemelex Xobeh
Okawaru
Qazlal
Ru
Trog
Uskayaw
Wu Jian
Xom
Zin
Beogh

Shops:
D:6 %   D:9 [


Message History

There is a stone staircase leading up here.
The troll bites you but does no damage.
The troll claws you but does no damage. x2
You climb upwards.
There is a stone staircase leading down here.
As you read the scroll of teleportation, it crumbles to dust.
You feel strangely unstable. The troll bites you but does no damage.
The troll claws you but does no damage. The troll misses you.
You see here a leopard gecko skeleton.
Your surroundings seem slightly different.
The troll closely misses you. The troll claws you!
* * * LOW HITPOINT WARNING * * *
The troll closely misses you. The troll bites you!
* * * LOW HITPOINT WARNING * * *
The troll barely misses you. The troll claws you but does no damage.
As you read the scroll of teleportation, it crumbles to dust.
You feel strangely unstable.
The troll is engulfed in blazing flames.
You block the troll's attack. The troll barely misses you. The troll claws you.
You die...

##....#...#......>......###
##.........#.............#..
#..........#...⌠.._..⌠...##.
##..........#.............##.
#...........#......8......##.
#.#.........##8'8#####8[8##..
#.......................[[...
#######.##........#####..))..
#.##..@○....# ######.
#.##..T.....# #[[
#.##...÷....#########.#
#######...○>[.....()...)).
#..#÷##........#######[<##
#....'.........# #.##
#≈≈≈≈#[........# #.###
#######..(.....#######.##.
##..###....(..............


You could see a troll.

Vanquished Creatures
  2 two-headed ogres (D:9)
  A merfolk (D:9)
  3 hippogriffs
  Sigmund (D:3)
  A wraith (D:9)
  5 yaks (D:8)
  A wyvern (D:8)
  2 basilisks (D:8)
  Menkaure (D:6)
  2 porcupines (D:8)
  4 ice beasts
  4 orc warriors
  A sky beast (D:5)
  A phantom (D:9)
  A necrophage (D:5)
  6 ogres
  A centaur (D:4)
  A crocodile (D:8)
  A big kobold (D:7)
  6 bullfrogs
  Blork the orc (D:6)
  A gnoll sergeant (D:8)
  2 scorpions (D:8)
  A wyvern skeleton (D:7)
  A water moccasin skeleton (D:5)
  5 killer bees (D:8)
  2 howler monkeys (D:6)
  3 crimson imps
  3 hounds
  2 quasits (D:9)
  3 centaur skeletons
  5 orc priests
  Terence (D:3)
  Crazy Yiuf (D:7)
  Jessica (D:3)
  2 bullfrog skeletons (D:10)
  2 iguanas
  7 orc wizards
  4 worker ants
  8 gnolls
  A howler monkey skeleton (D:5)
  9 adders
  3 shadow imps
  An ooze (D:1)
  2 adder skeletons
  2 worms
  A dart slug (D:2)
  6 leopard geckos
  51 orcs
  A ball python (D:3)
  3 giant cockroaches
  5 hobgoblins
  14 kobolds
  2 quokkas
  5 bats
  6 frilled lizards
  4 goblins
  A leopard gecko skeleton (D:8)
  A quokka zombie (D:9)
  3 rats
221 creatures vanquished.

Vanquished Creatures (others)
  4 fungi (D:8)
  8 plants (D:8)
12 creatures vanquished.

Grand Total: 233 creatures vanquished

Notes
Turn   | Place    | Note
-------+----------+-------------------------------------------
     0 | D:1      | Jonnyslop the Hill Orc Fighter began the quest for the Orb.
     0 | D:1      | Reached XP level 1. HP: 19/19 MP: 1/1
    88 | D:1      | Reached skill level 3 in Axes
   275 | D:1      | Reached XP level 2. HP: 25/27 MP: 2/2
   690 | D:2      | Reached skill level 4 in Axes
   728 | D:2      | Reached XP level 3. HP: 33/33 MP: 3/3
  1400 | D:3      | Found a shadowy altar of Dithmenos.
  1512 | D:3      | Noticed Terence
  1527 | D:3      | Killed Terence
  1527 | D:3      | Reached skill level 5 in Axes
  1527 | D:3      | Reached XP level 4. HP: 41/41 MP: 4/4
  1603 | D:3      | Found a burning altar of Makhleb.
  1798 | D:3      | Noticed Sigmund
  1806 | D:3      | Killed Sigmund
  1806 | D:3      | Reached skill level 5 in Fighting
  1806 | D:3      | Reached skill level 7 in Axes
  1806 | D:3      | Reached XP level 5. HP: 37/48 MP: 5/5
  1806 | D:3      | Reached XP level 6. HP: 43/56 MP: 6/6
  2016 | D:3      | Noticed Jessica
  2027 | D:3      | Killed Jessica
  2033 | D:3      | Found a hazy altar of Hepliaklqana.
  2304 | D:4      | Reached skill level 8 in Axes
  2451 | D:4      | Reached XP level 7. HP: 47/61 MP: 7/7
  2598 | D:4      | Reached skill level 9 in Axes
  3053 | D:5      | Entered Level 5 of the Dungeon
  3140 | D:5      | Found an ancient bone altar of Kikubaaqudgha.
  3140 | D:5      | Found a shattered altar of Ashenzari.
  3141 | D:5      | Found a snail-covered altar of Cheibriados.
  3288 | D:5      | Reached XP level 8. HP: 63/70 MP: 8/8
  3379 | D:5      | Reached skill level 10 in Axes
  3402 | D:5      | Reached skill level 5 in Armour
  4307 | D:6      | Reached skill level 1 in Throwing
  4341 | D:6      | Found Poirri's Food Emporium.
  4471 | D:6      | Noticed Menkaure
  4479 | D:6      | Reached skill level 11 in Axes
  4483 | D:6      | Killed Menkaure
  4483 | D:6      | Reached XP level 9. HP: 19/79 MP: 9/9
  4869 | D:6      | Noticed Blork the orc
  4883 | D:6      | Killed Blork the orc
  5131 | D:6      | Found a staircase to the Ecumenical Temple.
  5136 | Temple   | Entered the Ecumenical Temple
  5200 | Temple   | Became a worshipper of Qazlal Stormbringer
  5965 | D:7      | Found an iron altar of Okawaru.
  5965 | D:7      | Found a bloodstained altar of Trog.
  5968 | D:7      | Reached skill level 12 in Axes
  5985 | D:7      | Found a blossoming altar of Fedhas.
  5985 | D:7      | Found an opulent altar of Gozag.
  6252 | D:7      | Found a runed translucent door.
  6253 | D:7      | Noticed Crazy Yiuf
  6264 | D:7      | Killed Crazy Yiuf
  6545 | D:8      | Reached * piety under Qazlal
  6548 | D:8      | Found a staircase to the Lair.
  6586 | D:8      | Reached XP level 10. HP: 5/90 MP: 10/10
  7036 | D:8      | Reached skill level 13 in Axes
  7835 | D:9      | Reached skill level 1 in Invocations
  7871 | D:9      | Reached ** piety under Qazlal
  8290 | D:9      | Found a roughly hewn altar of Beogh.
  8290 | D:9      | Found a staircase to the Orcish Mines.
  8299 | D:9      | Noticed a two-headed ogre
  8433 | D:9      | Killed a two-headed ogre
  8433 | D:9      | Reached skill level 14 in Axes
  8967 | D:9      | Noticed a two-headed ogre
  9001 | D:9      | Reached XP level 11. HP: 83/99 MP: 13/13
  9090 | D:9      | Killed a two-headed ogre
  9090 | D:9      | Reached skill level 10 in Fighting
  9306 | D:9      | Found an ancient bone altar of Kikubaaqudgha.
  9340 | D:9      | Found Baenk's Armour Shoppe.
  9453 | D:10     | Entered Level 10 of the Dungeon
  9665 | D:10     | Noticed a two-headed ogre
  9700 | D:9      | HP: 2/99 [troll (13)]
  9702 | D:9      | Slain by a troll

Illustrated notes

Levels and vault maps discovered:
D:1:      tarquinn_simple_flora_water_b, layout_basic, serial_glass,
          glass_columns_a, glass_columns_c
D:2:      layout_basic, minmay_nonomino_d4
D:3:      layout_basic, lemuel_coloured_pillars_altar, old_standard_altar,
          serial_curves, eino_curves_02, eino_curves_02,
          nicolae_dithmenos_through_a_glass_darkly, uniq_sigmund, uniq_jessica,
          uniq_terence
D:4:      cheibrodos_helix_gallery, layout_basic
D:5:      layout_cave_pods, nicolae_overflow_hidden_temple, first_ration,
          st_stairs_11
D:6:      layout_loops_cross, minmay_temple_entry_nine_rooms, serial_shops,
          shop, uniq_blork_the_orc, uniq_menkaure
D:7:      layout_basic, grunt_temple_overflow_bloody_war,
          gammafunk_temple_overflow_elements, uniq_crazy_yiuf_cottage
D:8:      layout_loops_cross, minmay_lair_entry_grove
D:9:      layout_rooms, david_orc_5, basic_altar, serial_shops, shop,
          hangedman_fish_farm, minmay_holes, grunt_tough_drop
D:10:     layout_basic, onia_ninara_cookie
Temple:   dshaligram_water_room_temple

Skill      XL: |  1  2  3  4  5  6  7  8  9 10 11 |
---------------+----------------------------------+-----
Axes           | 3 4 5 7 8 9 11 12 14 | 14.8
Fighting       | 4 5 6 7 8 9 10 | 10.1
Armour         | 4 5 7 8 |  8.8
Throwing       | 1 3 4 |  4.0
Invocations    | 3 4 |  4.4
Shields        | |  3.2

Action                   |  1- 3 |  4- 6 |  7- 9 | 10-12 || total
-------------------------+-------+-------+-------+-------++-------
Melee: War axe           |    97 |    81 |   311 |   254 ||   743
       Battleaxe         |       |       |       |    85 ||    85
Throw: Dart              |       |       |     4 |       ||     4
  Use: Scroll            |     5 |     2 |     7 |     4 ||    18
       Potion            |     1 |       |     5 |     3 ||     9
  Eat: Chunk             |     2 |     3 |    10 |    10 ||    25
       Ration            |       |       |     1 |       ||     1
Armor: Scale mail        |    36 |    27 |       |       ||    63
       Chain mail        |       |    11 |   100 |    70 ||   181
       Plate armour      |       |       |       |    72 ||    72
Dodge: Dodged            |    41 |    43 |    78 |   160 ||   322
Block: Kite shield       |    52 |    36 |   135 |   143 ||   366
       Other             |       |       |       |    16 ||    16
